 Dungeon Crawl Stone Soup version 0.28.0-53-g5a82cb258f (webtiles) character file.

Game seed: 18414652817514519149

1203 DildoBatman the Magician (level 8, -7/54 (58) HPs)
             Began as a Formicid Conjurer on July 16, 2022.
             Was an Initiate of Kikubaaqudgha.
             Mangled by a wight
             ... wielding a +4 battleaxe of freezing
              (18 damage)
             ... on level 6 of the Dungeon.
             The game lasted 00:18:43 (4709 turns).

DildoBatman the Magician (Formicid Conjurer)        Turns: 4709, Time: 00:18:44

HP:   -7/54 (58)    AC:  5    Str: 18    XL:     8   Next: 73%
MP:   12/18         EV: 11    Int: 18    God:    Kikubaaqudgha [......]
Gold: 205           SH:  0    Dex: 11    Spells: 15/20 levels left

rFire   + + .      SeeInvis +   a - +7 scimitar "Tormentor" {flame, Str+6}
rCold   . . .      Faith    +   (no shield)
rNeg    . . .      Spirit   .   E - +1 leather armour "Siafregemm" {rF+ Will++ Regen+}
rPois   .          Reflect  .   (helmet unavailable)
rElec   .          Harm     .   (no cloak)
rCorr   .          Rampage  .   F - +0 pair of gloves
Will    ++...                   (no boots)
Stlth   ++........              g - amulet of faith
HPRegen 0.98/turn               l - ring of wizardry
MPRegen 0.16/turn               G - ring of protection from fire

@: studying Hexes, drained
A: permanent stasis, dig shafts and tunnels, antennae 3, four strong arms
a: Dig, Shaft Self, Renounce Religion


You were on level 6 of the Dungeon.
You worshipped Kikubaaqudgha.
Kikubaaqudgha was noncommittal.
You visited 2 branches of the dungeon, and saw 7 of its levels.
You also visited: Sewer.

You collected 315 gold pieces.
You spent 110 gold pieces at shops.

Inventory:

Hand Weapons
 a - the +7 scimitar "Tormentor" (weapon) {flame, Str+6}
   (You found it on level 5 of the Dungeon)

   It burns those it strikes, dealing additional fire damage.
   Big, fiery blades are also staple armaments of hydra-hunters.
   Str:       It affects your strength (+6).
 b - a +0 hunting sling
 d - a +0 great sword
 H - a +0 shortbow
Missiles
 e - 130 stones
 j - 9 boomerangs
 k - 65 arrows
 m - 17 bolts
 q - 67 sling bullets
 C - 9 javelins (quivered)
 J - 2 atropa-tipped darts
Armour
 f - a +0 kite shield
 o - a +0 troll leather armour {Pargi}
 E - the +1 leather armour "Siafregemm" (worn) {rF+ Will++ Regen+}
   (You found it on level 4 of the Dungeon)

   rF:        It protects you from fire.
   Regen:     It increases your rate of health regeneration.
   Will:      It greatly increases your willpower.
 F - a +0 pair of gloves (worn)
Jewellery
 g - an amulet of faith (around neck)
 i - a ring of ice
 l - a ring of wizardry (left hand)
 r - an amulet of regeneration
 D - a ring of fire
 G - a ring of protection from fire (right hand)
Scrolls
 c - a scroll of fog {unknown}
 h - a scroll of immolation {unknown}
 n - 3 scrolls of teleportation {unknown}
 p - 3 scrolls of summoning
 s - 2 scrolls of amnesia {unknown}
 t - a scroll of vulnerability {unknown}
 v - 2 scrolls of enchant weapon {unknown}
 w - a scroll of enchant armour {unknown}
 y - a scroll of fear {unknown}
 z - a scroll of identify
 A - a scroll of silence {unknown}
 I - a scroll of brand weapon {unknown}
Potions
 u - a potion of flight
 x - a potion of heal wounds
 B - a potion of might


   Skills:
 - Level 3.0 Fighting
 - Level 3.0 Long Blades
 - Level 3.0 Armour
 - Level 2.0 Dodging
 - Level 2.4 Stealth
 * Level 6.7 Spellcasting
 - Level 6.0 Conjurations
 * Level 0.0 Necromancy


You had 15 spell levels left.
You knew the following spells:

 Your Spells              Type           Power      Damage    Failure   Level
a - Searing Ray           Conj           54%        2d6       1%          2
c - Magic Dart            Conj           100%       1d8       1%          1
z - Sublimation of Blood  Necr           6%         N/A       9%          2

Your spell library contained the following spells:

 Spells                   Type           Power      Damage    Failure   Level
 Dazzling Flash           Conj/Hex       32%        N/A       4%          3
 Beastly Appendage        Tmut           12%        N/A       5%          1
 Wereblood                Tmut           6%         N/A       9%          2
 Gell's Gravitas          Tloc           6%         N/A       16%         3
 Spider Form              Tmut/Pois      6%         N/A       16%         3
 Teleport Other           Tloc           6%         N/A       16%         3
 Fulminant Prism          Conj/Hex       8%         3d7       16%         4
 Iskenderun's Mystic Bla  Conj/Tloc      16%        2d5       16%         4
 Irradiate                Conj/Tmut      8%         3d16      38%         5
 Petrify                  Tmut/Erth      6%         N/A       45%         4
 Dispersal                Tloc           3%         N/A       100%        6


Dungeon Overview and Level Annotations

Branches:
Dungeon (6/15)             Temple (1/1) D:6           Sewer (visited)

Altars:
Cheibriados
Fedhas
Gozag
Hepliaklqana
Kikubaaqudgha
Makhleb
Qazlal
Ru
Sif Muna
Trog
Uskayaw
Vehumet
Wu Jian
Yredelemnul
Zin
The Shining One

Shops:
D:1 ?   D:5 ==

Annotations:
D:6 Maggie


Innate Abilities, Weirdness & Mutations

You cannot be hasted, slowed, berserked, paralysed or teleported.
You can dig through walls and to a lower floor.
You have a pair of large antennae on your head. (SInv)
Your four strong arms can wield two-handed weapons with a shield.


Message History

A wight comes into view.
It is wielding a +4 battleaxe of freezing.
There is an open door here.
You feel stronger.
The +7 scimitar "Tormentor" {flame, Str+6} bursts into flame!
a - the +7 scimitar "Tormentor" (weapon)
{flame, Str+6}
Casting: Searing Ray (safe; 1% risk of failure)
Confirm with . or Enter, or press ? or * to list all spells.
Aiming: Searing Ray (safe; 1% risk of failure)
Press: ? - help, Shift-Dir - straight line, f - wight
Aim: a wight, wielding a +4 battleaxe of freezing and wearing a +0 robe (79% to hit)
The searing ray misses the wight. (Press . to maintain the ray.)
The searing ray hits the wight.
The wight is moderately damaged.
The wight hits you with a +4 battleaxe of freezing!
The wight freezes you.
The searing ray hits the wight.
The wight is moderately damaged.
The wight closely misses you.
The searing ray hits the wight.
The wight is heavily damaged.
You finish channelling your searing ray.
The wight hits you with a +4 battleaxe of freezing!
You feel drained. The wight freezes you.
Casting: Searing Ray (safe; 1% risk of failure)
Confirm with . or Enter, or press ? or * to list all spells.
Aiming: Searing Ray (safe; 1% risk of failure)
Press: ? - help, Shift-Dir - straight line, f/p - wight
Aim: a wight, wielding a +4 battleaxe of freezing and wearing a +0 robe (heavily damaged, 79% to hit)
The searing ray hits the wight.
The wight is severely damaged. (Press . to maintain the ray.)
The wight hits you with a +4 battleaxe of freezing!
You feel drained. The wight freezes you.
You open the door.
The wight hits you with a +4 battleaxe of freezing!!
You die...
Kikubaaqudgha rasps: "You have failed me!
Welcome... death!"

####.#.################
{ #....#.#
######....#.#
#....'....#.#
#.####....#.# #.#
#....#'######### #.#
#..............# ...
#.....z....)...# ...
#.....@........# [...
#....#'#....#### ....)
######.#....# #.....@#
#.#....# #......#
#####.#....####
#......#
#..........'..#
#......#
#.###.#....##.#
#......# #.#
#.#######.# #......#
#.# #.# #.#


You could see a wight.

Vanquished Creatures
  Edmund (D:3)
  A sky beast (D:5)
  Pargi (Sewer)
  An ice beast (D:4)
  A necrophage (D:5)
  A centaur (D:4)
  A phantom (D:6)
  A bullfrog (D:4)
  4 wights (D:6)
  A centaur zombie (D:5)
  An orc priest (D:5)
  A hound (D:5)
  An iguana (D:5)
  An orc wizard (D:5)
  6 adders
  A shadow imp (D:6)
  3 ufetubi
  2 worms
  3 dart slugs
  7 orcs
  7 ball pythons
  11 endoplasms
  4 giant cockroaches
  9 goblins
  11 hobgoblins
  6 jackals
  4 quokkas
  3 bats
  7 frilled lizards
  5 kobolds
  10 rats
116 creatures vanquished.

Notes
Turn   | Place    | Note
-------+----------+-------------------------------------------
     0 | D:1      | DildoBatman the Formicid Conjurer began the quest for the
                  | Orb.
     0 | D:1      | Reached XP level 1. HP: 13/13 MP: 3/3
   180 | D:1      | Found Daniamu's Magic Scroll Shop.
   192 | D:1      | Reached XP level 2. HP: 15/20 MP: 3/5
   195 | D:1      | Learned a level 2 spell: Searing Ray
   618 | D:1      | Reached skill level 1 in Fighting
   652 | D:1      | Reached skill level 1 in Armour
   652 | D:1      | Reached XP level 3. HP: 22/26 MP: 2/6
  1060 | D:2      | Reached XP level 4. HP: 27/32 MP: 3/8
  1478 | D:3      | Found a glowing golden altar of the Shining One.
  1481 | D:3      | Found a hazy altar of Hepliaklqana.
  1485 | D:3      | Found a basalt altar of Yredelemnul.
  1789 | D:3      | Found an opulent altar of Gozag.
  2071 | D:1      | Bought a scroll of magic mapping for 45 gold pieces
  2071 | D:1      | Bought a scroll of identify for 26 gold pieces
  2071 | D:1      | Bought a scroll of noise for 13 gold pieces
  2071 | D:1      | Bought a scroll of identify for 26 gold pieces
  2088 | D:4      | Noticed a bullfrog
  2093 | D:4      | Killed a bullfrog
  2094 | D:4      | Reached XP level 5. HP: 31/39 MP: 3/9
  2124 | D:4      | Found a snail-covered altar of Cheibriados.
  2200 | D:4      | Found an ornate altar of the Wu Jian Council.
  2317 | D:4      | Reached XP level 6. HP: 45/46 MP: 8/11
  2325 | D:4      | Found a glowing drain.
  2355 | Sewer    | Entered a sewer
  2444 | Sewer    | Noticed Pargi
  2604 | Sewer    | Killed Pargi
  2717 | D:4      | Identified the +1 leather armour "Siafregemm" {rF+ Will++
                  | Regen+}
  2767 | D:4      | Learned a level 2 spell: Sublimation of Blood
  2822 | D:4      | Noticed Edmund
  2895 | D:4      | Noticed an ice beast
  2997 | D:4      | Killed an ice beast
  2998 | D:4      | Reached skill level 5 in Conjurations
  2998 | D:4      | Reached XP level 7. HP: 49/52 MP: 0/13
  3415 | D:5      | Entered Level 5 of the Dungeon
  3472 | D:5      | Reached skill level 5 in Spellcasting
  3566 | D:5      | Reached XP level 8. HP: 52/58 MP: 6/16
  3730 | D:5      | Found Oraf's Jewellery Shoppe.
  3731 | D:5      | Found Olilym's Jewellery Boutique.
  3737 | D:5      | Found a blossoming altar of Fedhas.
  3749 | D:5      | Identified the +7 scimitar "Tormentor" {flame, Str+6}
  3940 | D:6      | Noticed Maggie
  4078 | D:6      | Found a staircase to the Ecumenical Temple.
  4084 | Temple   | Entered the Ecumenical Temple
  4214 | Temple   | Became a worshipper of Kikubaaqudgha
  4249 | D:6      | Reached skill level 1 in Long Blades
  4440 | D:3      | Killed Edmund
  4709 | D:6      | Mangled by a wight

Illustrated notes

Levels and vault maps discovered:
D:1:      eino_arrival_water_cross, layout_loops_cross, serial_shops,
          nicolae_shop_crystal, supply_closet_lemuel, item_on_display_a
D:2:      layout_rooms
D:3:      layout_rooms, nicolae_gozag_cash_rules_everything_around_me,
          grunt_temple_overflow_diamond
D:4:      layout_loops_cross, lemuel_tele_altar, old_standard_altar,
          cheibrodos_sewer_entry_drain, minmay_manual_moon, uniq_edmund
D:5:      layout_cave_pools, mainiacjoe_overflow_catwalk, serial_shops,
          nicolae_shop_crystal, shop
D:6:      layout_basic, minmay_temple_entry_wispy, serial_shops, shop,
          grunt_decor_fettered, uniq_maggie
Temple:   nicolae_temple_figure_zero

Skill      XL: |  1  2  3  4  5  6  7  8 |
---------------+-------------------------+-----
Dodging        | 2 |  2.0
Fighting       | 1 2 3 |  3.0
Armour         | 1 2 3 |  3.0
Conjurations   | 4 5 6 |  6.0
Spellcasting   | 3 4 5 6 |  6.7
Long Blades    | 3 |  3.0
Stealth        | |  2.4

Action                   |  1- 3 |  4- 6 |  7- 9 || total
-------------------------+-------+-------+-------++-------
Melee: Spear             |    16 |       |       ||    16
       Falchion          |     8 |    18 |       ||    26
       Broad axe         |       |    25 |    21 ||    46
       Scimitar          |       |       |    18 ||    18
       Punch             |       |       |     1 ||     1
 Fire: Hunting sling     |       |       |    13 ||    13
 Cast: Magic Dart        |    42 |    50 |     2 ||    94
       Searing Ray       |     3 |    20 |    20 ||    43
       Sublimation of Bl |       |       |     1 ||     1
 Abil: Dig               |     1 |     2 |       ||     3
  Use: Scroll            |       |     6 |     2 ||     8
       Potion            |       |     1 |       ||     1
 Stab: Sleeping          |     5 |     3 |     1 ||     9
Armor: Robe              |     3 |    11 |       ||    14
       Leather armour    |       |     6 |    26 ||    32
Dodge: Dodged            |    22 |    47 |    45 ||   114
